 Dungeon Crawl Stone Soup version 0.24.0-123-gd5b16e6ec5 (webtiles) character file.

Game seed: 5992403918676675785, levelgen mode: deterministic

107037 FishyPogo the Warrior (level 16, -4/108 HPs)
             Began as a Gargoyle Monk on Dec 20, 2019.
             Was a Priest of Fedhas.
             Blown up by an orb spider (28 damage)
             ... with a wavering orb of destruction
             ... on level 4 of the Spider Nest.
             The game lasted 03:17:52 (26129 turns).

FishyPogo the Warrior (Gargoyle Monk)              Turns: 26129, Time: 03:17:52

Health: -4/108     AC: 46    Str: 21    XL:     16   Next: 45%
Magic:  0/23       EV: 13    Int: 12    God:    Fedhas [***...]
Gold:   1468       SH:  9    Dex: 12    Spells: 6/15 levels left

rFire    . . .     SeeInvis .   g - +4 scimitar (flame)
rCold    + . .     Gourm    .   z - +2 buckler {AC+3}
rNeg     + + .     Faith    .   p - +7 plate armour {rN+}
rPois    ∞         Spirit   +   H - +2 hat
rElec    +         Reflect  .   Y - +2 cloak {+Inv}
rCorr    .         Harm     .   e - +1 pair of gloves
MR       +....                  (no boots)
Stlth    ..........             n - amulet of guardian spirit
HPRegen  0.28/turn              I - +3 ring of evasion
MPRegen  0.18/turn              J - ring of protection from cold

@: flying
A: antennae 1, big wings, hooves 1, camouflage 1, negative energy resistance 1,
electricity resistance, unbreathing, evolution 1, petrification resistance, rot
immunity, MP-powered wands, AC +12
a: Stop Flying, Wall of Briars, Grow Ballistomycete, Renounce Religion, Evoke
Invisibility


You were on level 4 of the Spider Nest.
You worshipped Fedhas.
Fedhas was most pleased with you.
You were near starving.

You visited 4 branches of the dungeon, and saw 25 of its levels.
You also visited: Ossuary.

You collected 3398 gold pieces.
You spent 1930 gold pieces at shops.

Inventory:

Hand Weapons
 g - a +4 scimitar of flaming (weapon)
Missiles
 b - 7 curare-tipped darts
 i - 2 throwing nets
 m - 11 poisoned darts
 r - 7 silver boomerangs
 y - 52 boomerangs (quivered)
 S - 8 datura-tipped darts
 T - 5 javelins
Armour
 e - a +1 pair of gloves (worn)
 o - the +1 ring mail "Ricawn" {rCorr Str+3 SInv}
   (You found it on level 3 of the Lair of Beasts)

   It affects your strength (+3).
   It lets you see invisible.
   It provides partial protection from all sources of acid and corrosion.
 p - a +7 plate armour of positive energy (worn)
 w - the +4 plate armour of the Game Afoot {MR+}
   (You bought it in a shop on level 2 of the Orcish Mines)

   It affects your resistance to hostile enchantments.
 z - a +2 buckler of protection (worn)
 H - a +2 hat (worn)
 L - a +2 scale mail of cold resistance
 Y - a +2 cloak of invisibility (worn)
Jewellery
 n - an amulet of guardian spirit (around neck)
 B - an uncursed ring of fire
 C - an uncursed amulet of the acrobat
 E - an uncursed ring of protection from fire
 I - a +3 ring of evasion (left hand)
 J - a ring of protection from cold (right hand)
 M - an uncursed ring of positive energy
 U - an uncursed ring of positive energy
Wands
 u - a wand of acid (22)
 x - a wand of disintegration (53)
 G - a wand of random effects (32)
 N - a wand of digging (4)
 O - a wand of flame (55)
 P - a wand of enslavement (14)
 Q - a wand of paralysis (5)
 R - a wand of iceblast (4)
Scrolls
 d - 6 scrolls of remove curse
 f - a scroll of immolation
 l - 7 scrolls of teleportation
 s - 11 scrolls of identify
 A - 4 scrolls of blinking
 F - a scroll of fog
 K - a scroll of enchant armour
 X - 3 scrolls of summoning
Potions
 j - 5 potions of mutation
 k - 6 potions of lignification
 v - 5 potions of curing
 D - 2 potions of might
Miscellaneous
 h - a lightning rod (4/4)
 q - a fan of gales
Comestibles
 c - 34 rations


   Skills:
 + Level 15.3 Fighting
 - Level 9.0 Long Blades
   Level 8.0 Axes
 * Level 14.4 Armour
 - Level 6.0 Dodging
 - Level 4.0 Stealth
 + Level 13.0 Shields
 + Level 9.6 Invocations
 + Level 5.8 Evocations


You had 6 spell levels left.
You knew the following spells:

 Your Spells              Type           Power        Failure   Level  Hunger
a - Tukima's Dance        Hex            #.......     100%        3    ####...
b - Conjure Flame         Conj/Fire      #.......     100%        3    ####...
c - Mephitic Cloud        Conj/Pois/Air  #.......     100%        3    ####...

Your spell library contained the following spells:

 Spells                   Type           Power        Failure   Level  Hunger
 Corona                   Hex            #......      98%         1    ##.....
 Flame Tongue             Conj/Fire      #....        98%         1    ##.....
 Magic Dart               Conj           #...         98%         1    ##.....
 Sandblast                Erth           #.....       98%         1    ##.....
 Blink                    Tloc           N/A          99%         2    ###....
 Call Imp                 Summ           #.......     99%         2    ###....
 Ensorcelled Hibernation  Hex/Ice        #.....       99%         2    ###....
 Passwall                 Tmut/Erth      #.......     99%         2    ###....
 Slow                     Hex            #.......     99%         2    ###....
 Throw Flame              Conj/Fire      #.....       99%         2    ###....
 Confuse                  Hex            #.......     100%        3    ####...
 Dazzling Spray           Conj/Hex       #.....       100%        3    ####...
 Inner Flame              Hex/Fire       #.......     100%        3    ####...
 Portal Projectile        Hex/Tloc       #.....       100%        3    ####...
 Stone Arrow              Conj/Erth      #.....       100%        3    ####...
 Cause Fear               Hex            #.........   100%        4    #####..
 Leda's Liquefaction      Hex/Erth       #.........   100%        4    #####..
 Petrify                  Tmut/Erth      #.......     100%        4    #####..
 Sticky Flame             Conj/Fire      #.......     100%        4    #####..
 Borgnjor's Vile Clutch   Necr/Erth      #.........   100%        5    ######.
 Fireball                 Conj/Fire      #.........   100%        5    ######.
 Lee's Rapid Deconstruct  Erth           #.........   100%        5    ######.
 Silence                  Hex/Air        #.........   100%        5    ######.
 Darkness                 Hex            #.........   100%        6    #######
 Shadow Creatures         Summ           N/A          100%        6    #######


Dungeon Overview and Level Annotations

Branches:
Dungeon (13/15)            Temple (0/1) D:5            Lair (6/6) D:10
 Shoals (0/4) Lair:3       Spider (4/4) Lair:3        Slime (0/5) Lair:6
    Orc (2/2) D:11            Elf (0/3) Orc:2       Ossuary (visited)
 Vaults: D:13-14

Altars:
Dithmenos
Elyvilon
Fedhas
Gozag
Kikubaaqudgha
Makhleb
Okawaru
Qazlal
Vehumet
Wu Jian
Beogh
Jiyva

Shops:
D:11 (   Orc:1 }   Orc:2 ?([(

Portals:
Trove: D:12 (give +3 ice dragon scales)

Annotations:
Spider:1 1 runed translucent door, exclusion: tarantella


Innate Abilities, Weirdness & Mutations

You are resistant to torment.
Your stone body is resilient. (AC +12)
You are immune to poison.
Your large and strong wings let you fly indefinitely.
You resist negative energy. (rN+)
You are resistant to electric shocks. (rElec)
You can survive without breathing.
You are immune to petrification.
You are immune to rotting.
You have a pair of small antennae on your head.
You have large cloven feet.
Your skin changes colour to match your surroundings (Stealth+).
You evolve.
You expend magic power (3 MP) to strengthen your wands.


Message History

The orb of destruction hits the tarantella!!
The tarantella is blown up!
The orb spider begins to weave its threads into a brightly glowing ball.
Okay, then.
The orb spider begins to weave its threads into a brightly glowing ball.
Your ballistomycete spore explodes!
The orb spider appears confused.
The explosion of spores engulfs the orb spider!!!
You kill the orb spider!
Fedhas accepts your kill.
Unknown command.
The orb spider weaves a glowing orb of energy.
An orb of destruction comes into view.
You see here a wolf spider corpse.
Unknown command.
You barely miss the orb spider.
The orb spider is heavily wounded.
The wavering orb of destruction hits you!!
You die...
Fedhas appreciates your contribution to the ecosystem.

.. ......# .≈ #$....# .##....# #
≈....# #### #^..# ...### #...#
.....## ####s'†#### .....^#
####..°......####
.....^######....@☼s......^.######
.......^...........P........^....
.......^.............^...........
.[..........................#....
........#........................
...................#..#........^.
.}.................^^........^.#.
.............)..^#...#...........
.................................


You could see 2 orb spiders and a friendly ballistomycete.

Vanquished Creatures
  Mara (Spider:4)
  A ghost moth (Spider:3)
  An emperor scorpion (Spider:4)
  The ghost of Riymurr the Phalangite, a journeyman MfMo of Hepliaklqana (Lair:5)
  2 entropy weavers
  4 hydras
  2 two-headed ogres
  An alligator (Lair:6)
  A centaur warrior (D:12)
  A death yak (D:10)
  Nergalle (Lair:3)
  2 unseen horrors
  A fire crab (Lair:5)
  Pikel (D:7)
  A necromancer (D:9)
  20 orb spiders
  24 wolf spiders
  A moth of wrath (Spider:1)
  3 orc sorcerers (Orc:2)
  2 cyclopes
  18 elephants
  5 black mambas
  Maurice (D:12)
  A torpor snail (Spider:3)
  24 spiny frogs
  2 rime drakes
  An efreet (D:12)
  4 komodo dragons
  12 demonic crawlers
  21 jumping spiders
  2 tyrant leeches (Lair:6)
  2 hornets
  8 trolls
  Grinder (D:3)
  6 hippogriffs
  12 blink frogs (Lair:6)
  45 redbacks
  26 tarantellas
  A human (D:7)
  A basilisk (D:10)
  26 yaks
  Grum (D:8)
  6 hogs
  9 vampire mosquitoes
  Menkaure (D:5)
  2 wargs
  A soldier ant (D:12)
  7 water moccasins
  8 porcupines
  A sky beast (D:6)
  A hornet zombie (D:13)
  29 orc warriors
  4 slaves (D:7)
  An eye of draining (D:9)
  4 phantoms
  An ice beast (D:9)
  A necrophage (D:7)
  5 ogres
  21 wolves
  2 centaurs (D:6)
  2 crocodiles
  6 elf zombies (Ossuary)
  A big kobold (D:10)
  19 bullfrogs
  A gnoll sergeant (D:10)
  A wyvern zombie (D:6)
  2 scorpions
  7 howler monkeys
  5 killer bees (D:7)
  A lava snake (D:11)
  6 electric eels
  6 crimson imps
  3 bullfrog zombies
  4 centaur zombies
  2 quasits
  2 jellies
  5 hounds
  23 orc wizards
  29 orc priests
  2 centaur skeletons
  3 human zombies (Ossuary)
  3 bullfrog skeletons
  4 worker ants
  3 iguanas (D:11)
  A yak simulacrum (D:9)
  2 hound skeletons
  3 mummies (Ossuary)
  2 worker ant zombies
  18 adders
  13 gnolls
  A howler monkey skeleton (D:4)
  A shadow imp (D:3)
  An ooze (D:3)
  An adder zombie (D:7)
  2 adder skeletons (D:5)
  3 worms (D:3)
  2 dart slugs
  4 leopard geckos
  86 orcs
  3 ball pythons
  6 giant cockroaches
  6 hobgoblins
  2 jackals (D:5)
  7 quokkas
  9 bats
  5 frilled lizards
  12 goblins
  A goblin zombie (D:4)
  16 kobolds
  A leopard gecko skeleton (D:4)
  A leopard gecko zombie (D:8)
  4 quokka skeletons
  2 quokka zombies
  A rat (D:2)
  A rat zombie (D:4)
  A river rat simulacrum (D:9)
  4 ballistomycete spores
757 creatures vanquished.

Vanquished Creatures (collateral kills)
  Kirke (Lair:5)
  An orc warlord (Orc:2)
  Erica (Orc:1)
  2 wolf spiders
  An orb spider (Spider:2)
  An orc sorcerer (Orc:1)
  5 elephants
  6 spiny frogs
  A komodo dragon (Lair:6)
  A demonic crawler (Spider:2)
  3 jumping spiders (Spider:2)
  2 blink frogs (Lair:6)
  Sigmund (D:2)
  2 tarantellas
  3 redbacks
  3 yaks
  4 hogs (Lair:5)
  A vampire mosquito (Lair:6)
  A porcupine (Lair:5)
  A black bear (D:9)
  2 crocodiles (D:10)
  A wolf (Lair:1)
  2 big kobolds
  6 orc priests
  2 orc wizards (D:10)
  Terence (D:2)
  4 yak simulacra (D:9)
  A polar bear simulacrum (D:9)
  3 wolf simulacra (D:9)
  3 adders
  7 orcs
  A goblin (D:2)
  A bat (D:3)
  6 kobolds
  A river rat simulacrum (D:9)
  142 ballistomycete spores
224 creatures vanquished.

Vanquished Creatures (others)
  An orb spider (Spider:4)
  A cyclops (D:11)
  4 jumping spiders
  2 blink frogs (Lair:6)
  3 tarantellas
  2 redbacks (Spider:4)
  A wolf (Lair:1)
  An orc priest (D:11)
  2 adders (Lair:1)
  An orc (D:11)
  11 ballistomycete spores
  38 fungi
  87 plants
154 creatures vanquished.

Grand Total: 1135 creatures vanquished

Notes
Turn   | Place    | Note
-------+----------+-------------------------------------------
     0 | D:1      | FishyPogo the Gargoyle Monk began the quest for the Orb.
     0 | D:1      | Reached XP level 1. HP: 14/14 MP: 1/1
   184 | D:1      | Reached XP level 2. HP: 19/19 MP: 2/2
   738 | D:1      | Reached XP level 3. HP: 18/24 MP: 3/3
  1162 | D:2      | Reached skill level 1 in Armour
  1230 | D:2      | Noticed Terence
  1399 | D:2      | Reached skill level 4 in Fighting
  1529 | D:2      | Found a blossoming altar of Fedhas.
  1587 | D:2      | Became a worshipper of Fedhas Madash
  1587 | D:2      | Reached * piety under Fedhas
  1587 | D:2      | Reached ** piety under Fedhas
  1747 | D:2      | Killed Terence
  1747 | D:2      | Reached XP level 4. HP: 29/29 MP: 0/4
  1932 | D:2      | Noticed Sigmund
  1961 | D:2      | Killed Sigmund
  1961 | D:2      | Reached XP level 5. HP: 22/34 MP: 2/5
  2013 | D:2      | Found a white marble altar of Elyvilon.
  2210 | D:3      | Reached skill level 5 in Fighting
  2213 | D:3      | Noticed Grinder
  2273 | D:3      | Found a burning altar of Makhleb.
  2395 | D:3      | Paralysed by Grinder for 7 turns
  2402 | D:3      | Gained mutation: You are partially covered in iridescent
                  | scales. (AC +2) [potion of mutation]
  2402 | D:3      | Gained mutation: Your body sometimes deteriorates upon
                  | taking damage. [potion of mutation]
  2402 | D:3      | Gained mutation: Scrolls take you a little longer to read.
                  | [potion of mutation]
  2402 | D:3      | Gained mutation: You evolve. [potion of mutation]
  2660 | D:3      | Reached XP level 6. HP: 29/40 MP: 6/6
  3248 | D:3      | HP: 2/40 [orc priest/divine providence (10)]
  3260 | D:3      | HP: 2/40 [something/puff of flame (1)]
  3565 | D:4      | Found a sand-covered staircase.
  3572 | Ossuary  | Entered an ossuary
  3670 | Ossuary  | Reached XP level 7. HP: 25/45 MP: 7/7
  3884 | Ossuary  | Lost mutation: Scrolls take you a little longer to read.
                  | [potion of mutation]
  3884 | Ossuary  | Lost mutation: You are partially covered in iridescent
                  | scales. (AC +2) [potion of mutation]
  3884 | Ossuary  | Lost mutation: Your body sometimes deteriorates upon taking
                  | damage. [potion of mutation]
  3884 | Ossuary  | Gained mutation: You are dopey. (Int -2) [potion of
                  | mutation]
  3884 | Ossuary  | Lost mutation: You are dopey. (Int -2) [potion of mutation]
  3884 | Ossuary  | Gained mutation: You are dopey. (Int -2) [potion of
                  | mutation]
  3884 | Ossuary  | Gained mutation: You have large cloven feet. [potion of
                  | mutation]
  3956 | Ossuary  | Reached skill level 5 in Axes
  4004 | Ossuary  | Reached XP level 8. HP: 19/51 MP: 8/8
  4059 | D:4      | Reached *** piety under Fedhas
  4576 | D:4      | Reached skill level 1 in Invocations
  4581 | D:4      | Reached skill level 6 in Fighting
  4733 | D:4      | You fall into a shaft and drop 1 floor!
  4733 | D:5      | Entered Level 5 of the Dungeon
  4898 | D:4      | Found a stormy altar of Qazlal.
  5171 | D:3      | Paralysed by Grinder for 7 turns
  5188 | D:3      | Killed Grinder
  5188 | D:3      | Reached XP level 9. HP: 39/56 MP: 9/11
  5731 | D:5      | Found a staircase to the Ecumenical Temple.
  5737 | D:5      | Reached **** piety under Fedhas
  5737 | D:5      | Reached skill level 5 in Armour
  5861 | D:5      | Got an opal-encrusted ring mail
  5900 | D:5      | Noticed Menkaure
  5933 | D:5      | Identified the +2 ring mail of the Game of Kings {rF+ Int+4
                  | Dex+4} (You found it on level 5 of the Dungeon)
  5943 | D:5      | Killed Menkaure
  5943 | D:5      | Reached skill level 7 in Fighting
  6744 | D:6      | Reached skill level 1 in Shields
  6778 | D:6      | Found an ornate altar of the Wu Jian Council.
  6954 | D:7      | Noticed a hornet
  6961 | D:7      | Reached skill level 5 in Invocations
  6970 | D:7      | Killed a hornet
  6971 | D:7      | Reached skill level 8 in Fighting
  6971 | D:7      | Reached XP level 10. HP: 54/64 MP: 9/13
  7011 | D:7      | Found an iron altar of Okawaru.
  7129 | D:7      | Reached ***** piety under Fedhas
  7297 | D:7      | Noticed Pikel
  7764 | D:7      | Killed Pikel
  7800 | D:7      | Found an ancient bone altar of Kikubaaqudgha.
  7948 | D:8      | Noticed Grum
  7955 | D:8      | Reached skill level 9 in Fighting
  8008 | D:8      | Killed Grum
  8153 | D:8      | Found a radiant altar of Vehumet.
  8535 | D:9      | Noticed a two-headed ogre
  8659 | D:9      | Found a shadowy altar of Dithmenos.
  8757 | D:9      | Killed a two-headed ogre
  8757 | D:9      | Reached XP level 11. HP: 30/72 MP: 16/16
  8795 | D:9      | Found an opulent altar of Gozag.
  8838 | D:9      | Got a brightly glowing long sword
  8839 | D:9      | Identified the +4 long sword of the Tired Nights {holy,
                  | *Drain Int+5} (You found it on level 9 of the Dungeon)
  8885 | D:9      | Noticed a cyclops
  8917 | D:9      | Killed a cyclops
  8919 | D:9      | Noticed a necromancer
  8927 | D:9      | Killed a necromancer
  9225 | D:10     | Entered Level 10 of the Dungeon
  9245 | D:10     | Reached skill level 1 in Long Blades
  9360 | D:10     | Learned a level 3 spell: Tukima's Dance
  9624 | D:10     | Found a staircase to the Lair.
  9624 | D:10     | Noticed a death yak
  9638 | D:10     | Reached skill level 10 in Fighting
  9646 | D:10     | Killed a death yak
  9932 | D:10     | Killed an unseen horror
 10289 | D:11     | Found Doqe's Weapon Shoppe.
 10372 | D:11     | Killed a cyclops
 10469 | D:11     | Gained mutation: You are weak. (Str -2) [evolution]
 10767 | D:11     | Killed an unseen horror
 10814 | D:11     | Found a staircase to the Orcish Mines.
 11035 | D:11     | Learned a level 3 spell: Conjure Flame
 11300 | D:12     | Noticed a cyclops
 11312 | D:12     | Killed a cyclops
 11312 | D:12     | Reached skill level 10 in Armour
 11350 | D:12     | Noticed a centaur warrior
 11370 | D:12     | Killed a centaur warrior
 11625 | D:12     | Found a portal to a secret trove of treasure.
 11674 | D:12     | Gained mutation: You possess an exceptional clarity of
                  | mind. [evolution]
 11863 | Lair:1   | Entered Level 1 of the Lair of Beasts
 11889 | Lair:1   | Noticed a wolf spider
 11903 | Lair:1   | Reached XP level 12. HP: 77/77 MP: 9/18
 12182 | Lair:1   | Reached skill level 5 in Long Blades
 12595 | Lair:1   | Got an ancient trident
 12597 | Lair:1   | Identified the cursed +1 trident "Rummage" {protect, Int+2}
                  | (You found it on level 1 of the Lair of Beasts)
 13284 | Lair:2   | Reached skill level 5 in Dodging
 13982 | Lair:3   | Found a staircase to the Shoals.
 13991 | Lair:3   | Got a faintly glowing ring mail
 14009 | Lair:3   | Identified the +1 ring mail "Ricawn" {rCorr Str+3 SInv}
                  | (You found it on level 3 of the Lair of Beasts)
 14030 | Lair:3   | Noticed a five-headed hydra
 14041 | Lair:3   | Killed a one-headed hydra
 14118 | Lair:3   | Reached skill level 11 in Fighting
 14219 | Lair:3   | Noticed Nergalle
 14244 | Lair:3   | Killed Nergalle
 14311 | Lair:3   | Found a hole to the Spider Nest.
 14423 | Lair:3   | You fall into a shaft and drop 1 floor!
 14475 | Lair:4   | Gained mutation: You have a pair of small antennae on your
                  | head. [evolution]
 14695 | Lair:4   | Reached XP level 13. HP: 82/84 MP: 17/19
 14900 | Lair:4   | Reached skill level 5 in Shields
 15388 | Lair:4   | Reached skill level 12 in Fighting
 15988 | Lair:5   | Noticed Riymurr's ghost (journeyman MfMo)
 15990 | Lair:5   | Found a transporter.
 15998 | Lair:5   | Found a transporter.
 16310 | Lair:5   | Noticed Kirke
 16351 | Lair:5   | Killed Kirke
 16520 | Lair:5   | Reached skill level 1 in Evocations
 16766 | Lair:6   | Entered Level 6 of the Lair of Beasts
 17036 | Lair:6   | Reached skill level 13 in Fighting
 17098 | Lair:6   | Gained mutation: Your large and strong wings let you fly
                  | indefinitely. [Gargoyle growth]
 17098 | Lair:6   | Reached XP level 14. HP: 81/94 MP: 12/20
 17912 | Lair:6   | Learned a level 3 spell: Mephitic Cloud
 18379 | Lair:6   | Found a viscous altar of Jiyva.
 18379 | Lair:6   | Found a staircase to the Slime Pits.
 18541 | Lair:5   | Gained mutation: Your skin changes colour to match your
                  | surroundings (Stealth+). [evolution]
 18742 | Lair:5   | Killed Riymurr's ghost
 18933 | Spider:1 | Entered Level 1 of the Spider Nest
 18973 | Spider:1 | Reached skill level 10 in Shields
 19234 | Spider:1 | Reached skill level 5 in Evocations
 19432 | Spider:1 | Reached skill level 14 in Fighting
 19574 | Orc:1    | Entered Level 1 of the Orcish Mines
 19612 | Orc:1    | Noticed Erica
 19623 | Orc:1    | Killed Erica
 19690 | Orc:1    | Found Tagoh's Gadget Shoppe.
 19907 | Orc:1    | Gained mutation: You are agile. (Dex +2) [evolution]
 20044 | Orc:2    | Entered Level 2 of the Orcish Mines
 20266 | Orc:2    | Found a roughly hewn altar of Beogh.
 20314 | Orc:2    | Found Coxomis's Magic Scroll Shop.
 20324 | Orc:2    | Bought a scroll of summoning for 142 gold pieces
 20422 | Orc:2    | Reached XP level 15. HP: 43/100 MP: 5/21
 20784 | Orc:2    | Noticed an orc warlord
 20803 | Orc:2    | Killed an orc warlord
 20887 | Orc:2    | Found a roughly hewn altar of Beogh.
 21014 | Orc:2    | Found a staircase to the Elven Halls.
 21069 | Orc:2    | Found a roughly hewn altar of Beogh.
 21161 | Orc:2    | Found a roughly hewn altar of Beogh.
 21206 | Orc:2    | Found a roughly hewn altar of Beogh.
 21224 | Orc:2    | Found a roughly hewn altar of Beogh.
 21254 | Orc:2    | Found Kurragas's Antique Weapon Boutique.
 21259 | Orc:2    | Bought a jewelled hunting sling for 234 gold pieces
 21259 | Orc:2    | Identified the cursed +2 hunting sling of Cilleopn {venom,
                  | rN++ Dex-2} (You bought it in a shop on level 2 of the
                  | Orcish Mines)
 21260 | Orc:2    | Bought an ancient dagger for 252 gold pieces
 21311 | Orc:2    | Identified the cursed +0 dagger of Arrival {pierce, +Fly
                  | Int+4 Dex+7} (You bought it in a shop on level 2 of the
                  | Orcish Mines)
 21431 | Orc:2    | Found Awyosm's Antique Weapon Shoppe.
 21432 | Orc:2    | Found a roughly hewn altar of Beogh.
 21433 | Orc:2    | Found Jagh's Antique Armour Emporium.
 21528 | Orc:2    | Bought an amethyst-encrusted scale mail for 252 gold pieces
 21538 | Orc:2    | Identified the cursed +1 scale mail "Qojedozu" {Dex+2} (You
                  | bought it in a shop on level 2 of the Orcish Mines)
 21542 | Orc:2    | Bought a crude chain mail for 266 gold pieces
 21552 | Orc:2    | Identified the +2 chain mail "Upyuth" {Slay+3} (You bought
                  | it in a shop on level 2 of the Orcish Mines)
 21552 | Orc:2    | Bought a blackened plate armour for 784 gold pieces
 21562 | Orc:2    | Identified the +4 plate armour of the Game Afoot {MR+} (You
                  | bought it in a shop on level 2 of the Orcish Mines)
 21785 | D:13     | Noticed Maurice
 21903 | D:12     | Found a portal to a secret trove of treasure.
 22171 | D:12     | Killed Maurice
 22549 | Spider:1 | Lost mutation: You possess an exceptional clarity of mind.
                  | [potion of mutation]
 22549 | Spider:1 | Lost mutation: You are weak. (Str -2) [potion of mutation]
 22549 | Spider:1 | Lost mutation: You are agile. (Dex +2) [potion of mutation]
 22549 | Spider:1 | Gained mutation: You expend magic power (3 MP) to
                  | strengthen your wands. [potion of mutation]
 22744 | Spider:1 | Found a runed translucent door.
 24029 | Spider:3 | Noticed a ghost moth
 24036 | Spider:3 | Killed a ghost moth
 24240 | Spider:3 | Lost mutation: You are dopey. (Int -2) [evolution]
 24244 | Spider:3 | Reached skill level 15 in Fighting
 24313 | Spider:4 | Entered Level 4 of the Spider Nest
 24547 | Spider:3 | Reached XP level 16. HP: 92/108 MP: 22/22
 25123 | Spider:4 | HP: 3/108 [disintegration (10)]
 25597 | Spider:4 | Noticed Mara
 25817 | Spider:4 | Killed Mara
 26129 | Spider:4 | Blown up by an orb spider

Levels and vault maps discovered:
D:1:      dpeg_arrival_circle_labyrinth_c, layout_basic, hex_medium
D:2:      layout_basic, lemuel_coloured_pillars_altar, fedhas_ov_isle_minmay,
          uniq_terence, uniq_sigmund
D:3:      layout_basic, bloody_makhleb, minmay_joined_circles, uniq_grinder
D:4:      layout_basic, nicolae_qazlal_general_emergency, enter_ossuary_4,
          kennysheep_donut
D:5:      layout_basic, minmay_temple_entry_slanted, first_ration, uniq_menkaure
D:6:      minmay_octagon_keep, layout_loops_ring, lemuel_crystal_altar
D:7:      layout_basic, okawaru_ov_weapons_minmay, kiku_gazebo_pond_becter,
          grunt_livestock, uniq_pikel
D:8:      layout_basic, vehumet_altar_wand_db, uniq_grum
D:9:      layout_long_grid, grunt_dithmenos_smoke,
          nicolae_overflow_hidden_temple, eino_house_with_fridge
D:10:     layout_loops_corners, david_lair_generic
D:11:     lemuel_flame_loot_2, layout_basic, david_orc_2, serial_shops, shop,
          lemuel_nasty_fountain
D:12:     layout_small_grid, enter_trove_6
D:13:     layout_basic, special_room [special_room_orc], uniq_josephine,
          uniq_maurice
Lair:1:   minmay_lair_venomous_thicket, layout_loops_ring
Lair:2:   layout_cave_pods, bh_autumn_forest_stairs
Lair:3:   layout_gridlike, elwin_shoals_entry_rocks, spider_nest_entry_rubble,
          uniq_nergalle
Lair:4:   layout_regular_city
Lair:5:   layout_cave_pods, gammafunk_ghost_arena, beast_lair_carwin_2,
          uniq_kirke
Lair:6:   minmay_lair_end_frog_pond, layout_loops_ring,
          dpeg_slime_entry_enclosed_altar, gauntlet_entry_generic, st_stairs_13
Spider:1: cheibrodos_spider_deadly_dance
Spider:2: layout_spider_delve, drop_trap, guppyfry_spider_mini_3
Spider:3: layout_spider_delve, hangedman_spider_tarantella_strand
Spider:4: spider_rune_water, uniq_mara
Orc:1:    layout_diamond_mine, serial_shops, nicolae_shop_waterfront,
          mines2_lemuel, uniq_erica
Orc:2:    grunt_orc_community_town_hall, layout_caves,
          grunt_orc_community_big_house_2, grunt_orc_community_big_house_1,
          grunt_orc_community_house_3, grunt_orc_community_house_3,
          grunt_orc_community_house_2, grunt_orc_community_house_1,
          grunt_orc_community_house_1, grunt_orc_community_house_2

Skill      XL: |  1  2  3  4  5  6  7  8  9 10 11 12 13 14 15 16 |
---------------+-------------------------------------------------+-----
Axes           | 3 5 7 8 |  8.0
Armour         | 1 2 3 4 6 8 10 11 13 14 | 14.4
Fighting       | 4 5 6 8 9 10 11 13 14 15 | 15.3
Dodging        | 3 4 5 6 |  6.0
Stealth        | 3 4 |  4.0
Invocations    | 3 5 7 8 9 |  9.6
Shields        | 2 4 8 11 12 13 | 13.0
Long Blades    | 4 6 7 9 |  9.0
Evocations     | 2 5 |  5.8

Action                   |  1- 3 |  4- 6 |  7- 9 | 10-12 | 13-15 | 16-18 || total
-------------------------+-------+-------+-------+-------+-------+-------++-------
Melee: Hand axe          |    99 |   237 |   477 |   358 |       |       ||  1171
       Kick              |       |       |   147 |   361 |   449 |    63 ||  1020
       Long sword        |       |       |       |   438 |       |       ||   438
       Scimitar          |       |       |       |   114 |  1088 |   174 ||  1376
       Unarmed           |       |       |       |       |     1 |       ||     1
       Dagger            |       |       |       |       |    50 |       ||    50
Throw: Stone             |    17 |     4 |     5 |       |       |       ||    26
       Throwing net      |     1 |       |     1 |       |       |       ||     2
       Dart              |       |       |     1 |    24 |    96 |    15 ||   136
       Boomerang         |       |       |       |    35 |    12 |     4 ||    51
       Javelin           |       |       |       |       |     8 |     2 ||    10
Invok: Wall of Briars    |     1 |     2 |       |     2 |     1 |       ||     6
       Grow Ballistomyce |       |       |     1 |       |    16 |     5 ||    22
       Overgrow          |       |       |       |     5 |     9 |       ||    14
       Grow Oklob        |       |       |       |     1 |       |       ||     1
 Abil: Evoke Flight      |       |       |       |     1 |       |       ||     1
       Evoke Invisibilit |       |       |       |       |     1 |       ||     1
       Fly               |       |       |       |       |     1 |       ||     1
Evoke: Wand              |       |       |       |    12 |     9 |     8 ||    29
       Lightning rod     |       |       |       |     4 |    14 |     2 ||    20
       Fan of gales      |       |       |       |       |     2 |       ||     2
       Phantom mirror    |       |       |       |       |     1 |       ||     1
  Use: Scroll            |     2 |     7 |       |    20 |    12 |       ||    41
       Potion            |     1 |     5 |     5 |     3 |     2 |     4 ||    20
 Stab: Sleeping          |     5 |     5 |     4 |     5 |     1 |       ||    20
       Held in net/web   |       |       |     1 |       |       |       ||     1
       Confused          |       |       |     1 |       |     3 |       ||     4
       Distracted        |       |       |       |       |     3 |       ||     3
       Invisible         |       |       |       |       |     1 |       ||     1
  Eat: Chunk             |     1 |     7 |     9 |    28 |    41 |     4 ||    90
       Ration            |       |       |     1 |       |       |       ||     1
Armor: Robe              |    45 |    37 |       |       |       |       ||    82
       Ring mail         |       |    71 |   178 |   467 |   265 |       ||   981
       Skin              |       |       |     4 |       |       |       ||     4
       Plate armour      |       |       |       |       |   846 |   247 ||  1093
Dodge: Dodged            |    88 |   112 |   206 |   465 |  1016 |   182 ||  2069
Block: Other             |       |    11 |    30 |       |       |       ||    41
       Buckler           |       |       |       |   419 |   716 |   111 ||  1246
       Reflection        |       |       |       |     2 |       |       ||     2
       Rpst.: Long sword |       |       |       |    80 |       |       ||    80
       Scimitar          |       |       |       |    27 |   212 |    25 ||   264
